 Dungeon Crawl Stone Soup version 0.30-a0-263-ge22c4ad894 (webtiles) character file.

Game seed: 17039870424326586122

1 boo the Ducker (level 1, 16/16 HPs)
             Began as a Merfolk Gladiator on Oct 13, 2022.
             Got out of the dungeon alive.
             The game lasted 00:00:52 (65 turns).

boo the Ducker (Merfolk Gladiator)                    Turns: 65, Time: 00:00:53

Health: 16/16      AC:  4    Str: 14    XL:     1   Next: 20%
Magic:  1/1        EV: 13    Int:  7    God:
Gold:   0          SH:  0    Dex: 15    Spells: 0/0 levels left

rFire   . . .      SeeInvis .    a - +0 long sword
rCold   . . .      Faith    .    (no shield)
rNeg    . . .      Spirit   .    b - +0 leather armour
rPois   .          Reflect  .    c - +0 helmet
rElec   .          Harm     .    (no cloak)
rCorr   .          Rampage  .    (no gloves)
Will    .....                    (no boots)
Stlth   +.........               (no amulet)
HPRegen 0.22/turn                (no ring)
MPRegen 0.07/turn                (no ring)

@: no status effects
A: (nimble swimmer 2), mertail
a: no special abilities


You escaped.
You visited 1 branch of the dungeon, and saw 1 of its levels.

Inventory:

Hand Weapons
 a - a +0 long sword (weapon)
Missiles
 d - 3 throwing nets (quivered)
 e - a javelin
Armour
 b - a +0 leather armour (worn)
 c - a +0 helmet (worn)
Scrolls
 g - a scroll of vulnerability {unknown}
Potions
 f - a potion of heal wounds {unknown}
 h - a potion of attraction {unknown}


   Skills:
 + Level 2.2 Fighting
 + Level 3.6 Long Blades
 + Level 2.0 Throwing
 + Level 4.0 Dodging


You couldn't memorise any spells.
You didn't know any spells.
Your spell library was empty.

Dungeon Overview and Level Annotations

Branches:
Dungeon (1/15)

Altars:


Innate Abilities, Weirdness & Mutations

((You are very nimble when in or above water. (Stealth+, EV+, Speed+++)))
Your lower body shifts to a powerful aquatic tail in water.


Message History

Welcome, boo the Merfolk Gladiator.
The heart of this dungeon contains the astounding artefact, the Orb of Zot.
Press ? for a list of commands and other information.
Found a sling and a fizzy cyan potion.
Found two stairs.
You see here a +0 sling.
f - a fizzy cyan potion
There are no items here.
g - a scroll labelled INLEM ZEABABIT
h - a metallic green potion A quokka comes into view.
The quokka barely misses you.
You hit the quokka but do no damage. The quokka barely misses you.
The quokka closely misses you.
You slash the quokka!
You kill the quokka!
No target in view!
You see here a quokka corpse.
Your legs become a tail as you enter the water.
There is a staircase leading out of the dungeon here.
You can't go down here!
Are you sure you want to leave the Dungeon?
This will make you lose the game!
You have escaped!

#. #. #.#
###.##.#######.#####
...................##
.........##.........
.......#>.......##.#
.........)......##.#####
≈≈≈........≈≈≈≈.........
§≈≈≈......≈≈≈≈≈≈.#.#####
≈≈≈≈..>@..≈≈≈≈≈≈.#.#
.≈§≈≈≈≈......≈≈≈≈≈≈.#.#
..§≈≈≈..####..≈≈≈≈..#†#
......# ##......##.#
#..... #.####.##.#
#.#.§.## ##.# #.#.#.#
#..#...####..##.# #..#
#...........##.# ##.##
#.#.#........## ##.#


There were no monsters in sight!

Vanquished Creatures
  A quokka (D:1)
1 creature vanquished.

Notes
Turn   | Place    | Note
-------+----------+-------------------------------------------
     0 | D:1      | boo the Merfolk Gladiator began the quest for the Orb.
     0 | D:1      | Reached XP level 1. HP: 16/16 MP: 1/1
    65 | D:$      | Got out of the dungeon alive.

Illustrated notes

Levels and vault maps discovered:
D:1:      dpeg_arrival_pits, layout_loops_ring, serial_bayou,
          serial_bayou_shore_a, serial_bayou_pond_e, serial_bayou_lake_a,
          serial_bayou_pond_d, serial_bayou_lagoon_b,
          ebering_ecumenical_altar_sacrificial

Action                   || total
-------------------------++-------
Melee: Long sword        ||     2
Dodge: Dodged            ||     3

Table legend: (Time is in decaauts)
 A = Elapsed time spent in this place.
 B = Non-inter-level travel time spent in this place.
 C = Inter-level travel time spent in this place.
 D = Time resting spent in this place.
 E = Time spent auto-exploring this place.
 F = Levels seen in this place.
 G = Mean time per level.
                   A        B        C        D        E       F      G
               +--------+--------+--------+--------+--------+-----+--------+
         Total |     64 |     64 |      0 |      0 |     27 |   1 |   64.0 |
       Dungeon |     64 |     64 |      0 |      0 |     27 |   1 |   64.0 |
               +--------+--------+--------+--------+--------+-----+--------+

Top non-repeatable levels by time:
     D:1: 64 daAuts
